 Dungeon Crawl Stone Soup version 0.29.1-15-g9cfb28693d (webtiles) character file.

Game seed: 6652747871951636143

26 Amplified the Trooper (level 2, -4/24 HPs)
             Began as a Demonspawn Wanderer on Apr 29, 2023.
             Frozen to death by an endoplasm (5 damage)
             ... on level 2 of the Dungeon.
             The game lasted 00:01:39 (1528 turns).

Amplified the Trooper (Demonspawn Wanderer)         Turns: 1528, Time: 00:01:40

Health: -4/24      AC:  5    Str: 11 (14) XL:     2   Next: 89%
Magic:  3/3        EV: 10    Int: 10 (11) God:
Gold:   163        SH:  0    Dex: 11 (12) Spells: 3/3 levels left

rFire   . . .      SeeInvis .   d - +0 hand axe
rCold   . . .      Faith    .   (no shield)
rNeg    . . .      Spirit   .   e - +0 ring mail
rPois   .          Reflect  .   (no helmet)
rElec   .          Harm     .   (no cloak)
rCorr   .          Rampage  .   (no gloves)
Will    .....                   (no boots)
Stlth   +.........              (no amulet)
HPRegen 0.08/turn               (no ring)
MPRegen 0.08/turn               (no ring)

@: mighty
A: foul stench 1
a: no special abilities


You were on level 2 of the Dungeon.
You visited 1 branch of the dungeon, and saw 2 of its levels.

You collected 163 gold pieces.

Inventory:

Hand Weapons
 a - a +0 dagger
 d - a +0 hand axe (weapon)
Missiles
 b - 2 atropa-tipped darts (quivered)
 c - 2 datura-tipped darts
Armour
 e - a +0 ring mail (worn)
Scrolls
 f - a scroll of silence
 h - a scroll of vulnerability


   Skills:
 * Level 3.4 Fighting
 * Level 1.6 Axes
 * Level 2.3 Armour
 - Level 2.6 Stealth
 - Level 1.0 Spellcasting


You had 3 spell levels left.
You didn't know any spells.
Your spell library contained the following spells:

 Spells                   Type           Power      Damage    Failure   Level
 Foxfire                  Conj/Fire      0%         2x1d4     63%         1
 Magic Dart               Conj           0%         1d3       63%         1
 Shock                    Conj/Air       0%         1d3       63%         1
 Summon Small Mammal      Summ           0%         N/A       63%         1
 Swiftness                Air            0%         N/A       94%         3
 Airstrike                Air            0%         2d(0-16)  100%        4
 Alistair's Intoxication  Tmut/Pois      0%         N/A       100%        5
 Borgnjor's Vile Clutch   Necr/Erth      0%         N/A       100%        5
 Eringya's Noxious Bog    Tmut/Pois      0%         N/A       100%        6


Dungeon Overview and Level Annotations

Branches:
Dungeon (2/15)

Altars:


Innate Abilities, Weirdness & Mutations

You may rarely emit foul miasma when damaged in melee.


Message History

A goblin comes into view. It is wielding a +0 club.
The goblin shouts!
The endoplasm freezes you.
You are frozen.
The goblin unwields a +0 club.
The goblin wields a +0 sling.
The goblin shoots a sling bullet.
The sling bullet barely misses you.
You hit the endoplasm but do no damage. The endoplasm hits you.
The goblin shoots a sling bullet.
The sling bullet hits you.
You hit the endoplasm.
The endoplasm is moderately wounded.
The endoplasm hits you but does no damage.
The endoplasm freezes you.
You are frozen.
You barely miss the endoplasm.
The endoplasm is moderately wounded.
The goblin shoots a sling bullet.
The sling bullet hits you. The endoplasm freezes you.
You are frozen.
The goblin shoots a sling bullet.
The sling bullet hits you.
* * * LOW HITPOINT WARNING * * *
You hear an angry hiss.
It was a potion of might.
You feel very mighty all of a sudden.
The endoplasm hits you but does no damage.
The goblin shoots a sling bullet.
The sling bullet barely misses you.
The goblin shoots a sling bullet.
The sling bullet hits you.
* * * LOW HITPOINT WARNING * * *
A ball python comes into view.
You hit the endoplasm.
The endoplasm is almost dead.
The endoplasm hits you.
* * * LOW HITPOINT WARNING * * *
You barely miss the endoplasm.
The endoplasm is almost dead.
The endoplasm hits you.
* * * LOW HITPOINT WARNING * * *
It was a potion of degeneration.
There was something very wrong with that liquid.
You feel weakened.
You feel dopey.
You feel clumsy. The endoplasm freezes you.
You are frozen.
You die...

######### #### #.......#
#....##.#####.#####
#...@#.........#
.###.g#J#.###.###.######
.......S#.....# #.......
##......####### #....###
#....... +....'..
##...[### #..†.### ##..#
#....# ### #....#
(.#####


You could see an endoplasm, a goblin and a ball python.

Vanquished Creatures
  2 endoplasms (D:1)
  2 goblins (D:1)
  2 hobgoblins (D:1)
  2 jackals (D:1)
  2 quokkas (D:1)
  2 ball pythons (D:1)
  2 bats
  3 frilled lizards
  4 kobolds (D:1)
  6 rats (D:1)
27 creatures vanquished.

Vanquished Creatures (others)
  3 toadstools (D:1)
3 creatures vanquished.

Grand Total: 30 creatures vanquished

Notes
Turn   | Place    | Note
-------+----------+-------------------------------------------
     0 | D:1      | Amplified the Demonspawn Wanderer began the quest for the
                  | Orb.
     0 | D:1      | Amplified set off with the following items: a +0 dagger, 2
                  | atropa-tipped darts, 2 datura-tipped darts, a +0 hand axe,
                  | a +0 ring mail, a scroll of silence.
     0 | D:1      | Reached XP level 1. HP: 18/18 MP: 2/2
   385 | D:1      | Found a faded altar of an unknown god.
   398 | D:1      | Gained mutation: You may rarely emit foul miasma when
                  | damaged in melee. [demonic ancestry]
   398 | D:1      | Reached XP level 2. HP: 24/24 MP: 3/3
   990 | D:1      | Got First Steps in the Arcane Arts
  1527 | D:2      | HP: 1/24 [endoplasm (2)]
  1528 | D:2      | Frozen to death by an endoplasm

Illustrated notes

Levels and vault maps discovered:
D:1:      dpeg_cavernosity, layout_basic, hellmonk_ecumenical_altar_lost_god,
          grunt_decor_one_mirror, minmay_misc_feat_enclosed, st_stairs_13,
          minmay_gold_behind_fungi
D:2:      layout_basic, serial_park_tiny_1

Skill      XL: |  1 |
---------------+----+-----
Armour         | 2 |  2.3
Fighting       | |  3.4
Axes           | |  1.6
Stealth        | |  2.6
Spellcasting   | |  1.0

Action                   || total
-------------------------++-------
Melee: Hand axe          ||    86
       Punch             ||     1
Throw: Dart              ||     2
  Use: Scroll            ||     2
       Potion            ||     2
 Stab: Sleeping          ||     2
Armor: Ring mail         ||    46
Dodge: Dodged            ||    45
